 Dungeon Crawl Stone Soup version 0.31.0-9-g3a7656b989 (webtiles) character file.

Game seed: 13728299264232572843

2528 qw the Skirmisher (level 9, -3/50 HPs)
             Began as a Deep Elf Hunter on Feb 2, 2024.
             Was a Believer of Okawaru.
             Incinerated by a bombardier beetle (4 damage)
             ... with a burning spray
             ... on level 7 of the Dungeon.
             The game lasted 00:00:25 (5137 turns).

qw the Skirmisher (Deep Elf Hunter)                 Turns: 5137, Time: 00:00:26

Health: -3/50      AC:  8    Str: 15    XL:     9   Next: 29%
Magic:  14/14      EV: 20    Int: 12    God:    Okawaru [**....]
Gold:   44         SH:  5    Dex: 20    Spells: 8/8 levels left

rFire   . . .        n - +6 arbalest of the Orcish Mines {freeze, rElec Str+5 Int-3 SInv}
rCold   . . .        (shield currently unavailable)
rNeg    . . .        w - +0 acid dragon scales
rPois   +            g - +1 helmet
rElec   +            (no cloak)
rCorr   +            (no gloves)
SInv    +            (no boots)
Will    .....        h - amulet of reflection
Stlth   +            k - ring of poison resistance
HPRegen 0.28/turn    i - +5 ring of evasion
MPRegen 0.14/turn

%: reflection
@: on fire, glowing
A: no striking features
a: Renounce Religion, Heroism


You were on level 7 of the Dungeon.
You worshipped Okawaru.
Okawaru was pleased with you.
You visited 2 branches of the dungeon, and saw 8 of its levels.

You collected 363 gold pieces.
You spent 319 gold pieces at shops.


   Skills:
 - Level 3.1 Fighting
 + Level 14.3 Ranged Weapons
 - Level 1.1 Armour
 - Level 6.0 Dodging
 - Level 1.2 Stealth
 - Level 4.0 Invocations


You had 8 spell levels left.
You didn't know any spells.
Your spell library was empty.

Inventory:

Hand Weapons
 n - the +6 arbalest of the Orcish Mines (weapon) {freeze, rElec Str+5 Int-3 SInv}
   (You acquired it on level 4 of the Dungeon)

   Str+5:     It affects your strength (+5).
   Int-3:     It affects your intelligence (-3).
   rElec:     It insulates you from electricity.
   SInv:      It lets you see invisible.
Armour
 g - a +1 helmet (worn)
 w - +0 acid dragon scales (worn)
Jewellery
 d - a ring of ice
 h - an amulet of reflection (around neck)
 i - a +5 ring of evasion (right hand)
 k - a ring of poison resistance (left hand)
 x - a ring of protection from fire
Wands
 l - a wand of acid (15)
 v - a wand of iceblast (9)
Scrolls
 f - 3 scrolls of teleportation
 j - a scroll of torment {unknown}
 o - a scroll of enchant weapon
Potions
 a - 2 potions of lignification {unknown}
 b - a potion of cancellation
 c - a potion of resistance
 e - a potion of mutation
 m - a potion of enlightenment {unknown}
 p - a potion of degeneration {unknown}
 q - a potion of might {unknown}
 r - a potion of magic {unknown}
 s - a potion of attraction {unknown}
 t - a potion of heal wounds {unknown}

Dungeon Overview and Level Annotations

Branches:
Dungeon (7/15)             Temple (1/1) D:5

Altars:
Ashenzari
Elyvilon
Fedhas
Gozag
Kikubaaqudgha
Makhleb
Okawaru
Qazlal
Ru
Sif Muna
Uskayaw
Vehumet
Xom
Yredelemnul
The Shining One

Shops:
D:5 (   D:6 *   D:7 *


Message History

You open the door.
A bombardier beetle comes into view.
Found a leather armour.
You shoot a bolt. The bolt hits the bombardier beetle!
The bolt freezes the bombardier beetle.
The bombardier beetle is severely wounded.
The bombardier beetle sprays incendiary fluid at you.
The burning spray hits you.
You are covered in liquid fire!
You shoot a bolt. The bolt hits the bombardier beetle!!
The bolt freezes the bombardier beetle.
You kill the bombardier beetle!
Okawaru accepts your kill. The liquid fire burns you!
You are on fire!
The liquid fire burns you!
You are on fire!
The liquid fire burns you!
You are on fire!
The liquid fire burns you!
You are on fire!
The liquid fire burns you!
You are on fire!
The liquid fire burns you!
You are on fire!
The liquid fire burns you!
You are on fire!
The liquid fire burns you!
You are on fire!
The liquid fire burns you!
You are on fire!
The liquid fire burns you!
You are on fire!
You hear the creaking of a portcullis very nearby.
The liquid fire burns you!
You are on fire!
The liquid fire burns you!
You are on fire!
The liquid fire burns you!
You die...

#.....# #...###
#......# #...#
#......+ #...#
#......# ....# #......
#...# ..%.[ ##.## ...
...##### #'# .#.....##
#@# .#......# #.#
..#.)...# ##.#
......#.## ##..#
....#....## #..##
....###...####.#######
........#.#...........
....#####...##.#######
###..# ##.....#


There were no monsters in sight!

Vanquished Creatures
  Maggie (D:6)
  A troll (D:5)
  Sigmund (D:6)
  Eustachio (D:6)
  A steam dragon (D:6)
  2 black bears
  2 ice beasts
  2 ogres
  A kobold brigand (D:6)
  3 scorpions
  4 wights (D:6)
  A bombardier beetle (D:7)
  3 hounds
  A gnoll bouda (D:7)
  2 orc priests
  Jessica (D:3)
  4 iguanas
  Terence (D:3)
  An orc wizard (D:6)
  7 gnolls
  6 adders
  2 white imps (D:6)
  2 ufetubi (D:7)
  A dart slug (D:2)
  A ribbon worm (D:2)
  10 orcs
  5 endoplasms
  2 giant cockroaches
  7 goblins
  6 hobgoblins
  2 jackals (D:4)
  7 quokkas
  7 ball pythons
  A bat (D:3)
  5 frilled lizards
  12 kobolds
  6 rats
122 creatures vanquished.

Notes
Turn   | Place    | Note
-------+----------+-------------------------------------------
     0 | D:1      | qw the Deep Elf Hunter began the quest for the Orb.
     0 | D:1      | Reached XP level 1. HP: 12/12 MP: 3/3
     0 | D:1      | 0 ||| qw: Version: 0.3-a-155-g5e7d8dd
     0 | D:1      | 0 ||| qw: Game counter: 2441
     0 | D:1      | 0 ||| qw: Melee chars always use a shield: true
     0 | D:1      | 0 ||| qw: God list: Okawaru
     0 | D:1      | 0 ||| qw: Allow faded altars: false
     0 | D:1      | 0 ||| qw: Do Orc after clearing Dungeon:15 true
     0 | D:1      | 0 ||| qw: Do second Lair branch before Depths: true
     0 | D:1      | 0 ||| qw: Lair rune preference: random
     0 | D:1      | 0 ||| qw: Goals: Normal
     0 | D:1      | 0 ||| PLANNING D:1-11
    22 | D:1      | 22 ||| DROPPING scroll of butterflies.
   340 | D:1      | Reached XP level 2. HP: 16/16 MP: 4/4
   384 | D:1      | Reached skill level 6 in Ranged Weapons
   649 | D:1      | 649 ||| READING 3 scrolls labelled TUALENI OSERIQ.
   649 | D:1      | 649 ||| IDENTIFYING glowing coppery potion
   650 | D:1      | 650 ||| READING 2 scrolls of identify.
   650 | D:1      | 650 ||| IDENTIFYING orange potion
   651 | D:1      | 651 ||| READING scroll of identify.
   651 | D:1      | 651 ||| IDENTIFYING black potion
   652 | D:1      | 652 ||| READING scroll labelled VISIET PIYT.
   652 | D:1      | 652 ||| BRANDING +0 shortbow.
   653 | D:1      | 653 ||| DRINKING 2 glowing pink potions.
   654 | D:1      | 654 ||| DROPPING potion of brilliance.
   724 | D:2      | Reached XP level 3. HP: 20/20 MP: 5/5
  1091 | D:2      | Reached skill level 7 in Ranged Weapons
  1417 | D:2      | 1417 ||| UPGRADING to +0 helmet.
  1422 | D:2      | 1422 ||| UPGRADING to +0 scale mail.
  1432 | D:2      | 1432 ||| DROPPING +0 leather armour.
  1433 | D:2      | 1433 ||| UPGRADING to ring of poison resistance.
  1434 | D:2      | 1434 ||| READING scroll labelled WEUBAF WAET.
  1435 | D:2      | 1435 ||| READING scroll labelled UHOFYEGOOB.
  1435 | D:2      | 1435 ||| ENCHANTING +0 shortbow of flaming.
  1488 | D:3      | 1488 ||| STAIRDANCE
  1604 | D:3      | Reached XP level 4. HP: 16/25 MP: 6/6
  1667 | D:3      | Noticed Terence
  1675 | D:3      | Killed Terence
  1676 | D:3      | Reached skill level 8 in Ranged Weapons
  1801 | D:3      | Noticed a scorpion
  1802 | D:3      | 1802 ||| DRINKING potion of haste.
  1815 | D:3      | Killed a scorpion
  1816 | D:3      | Reached XP level 5. HP: 20/29 MP: 7/7
  1823 | D:3      | HP: 5/29 [orc/+0 trident (5)]
  1965 | D:3      | Reached skill level 9 in Ranged Weapons
  1982 | D:3      | Found a faded altar of an unknown god.
  2041 | D:3      | Found a shimmering blue altar of Sif Muna.
  2081 | D:3      | Noticed Jessica
  2082 | D:3      | Killed Jessica
  2083 | D:3      | Reached skill level 1 in Armour
  2091 | D:3      | 2091 ||| FLEEEEING.
  2092 | D:3      | 2092 ||| FLEEEEING.
  2093 | D:3      | 2093 ||| FLEEEEING.
  2094 | D:3      | 2094 ||| FLEEEEING.
  2095 | D:3      | 2095 ||| FLEEEEING.
  2096 | D:3      | 2096 ||| FLEEEEING.
  2097 | D:3      | 2097 ||| FLEEEEING.
  2098 | D:3      | 2098 ||| FLEEEEING.
  2099 | D:3      | 2099 ||| FLEEEEING.
  2100 | D:3      | 2100 ||| FLEEEEING.
  2101 | D:3      | 2101 ||| FLEEEEING.
  2102 | D:3      | 2102 ||| FLEEEEING.
  2103 | D:3      | 2103 ||| FLEEEEING.
  2104 | D:3      | 2104 ||| FLEEEEING.
  2105 | D:3      | 2105 ||| FLEEEEING.
  2106 | D:3      | 2106 ||| FLEEEEING.
  2107 | D:3      | 2107 ||| FLEEEEING.
  2108 | D:3      | 2108 ||| FLEEEEING.
  2109 | D:3      | 2109 ||| FLEEEEING.
  2110 | D:3      | 2110 ||| FLEEEEING.
  2111 | D:3      | 2111 ||| FLEEEEING.
  2112 | D:3      | 2112 ||| FLEEEEING.
  2113 | D:3      | 2113 ||| FLEEEEING.
  2114 | D:3      | 2114 ||| FLEEEEING.
  2115 | D:3      | 2115 ||| FLEEEEING.
  2116 | D:3      | 2116 ||| FLEEEEING.
  2544 | D:3      | Reached XP level 6. HP: 35/35 MP: 8/8
  2685 | D:3      | 2685 ||| UPGRADING to +0 ring mail.
  2695 | D:3      | 2695 ||| DROPPING +0 scale mail.
  2696 | D:3      | 2696 ||| READING 2 scrolls labelled KOUNUTTOI.
  2700 | D:3      | 2700 ||| READING scroll labelled AZOXZUELYC.
  2801 | D:3      | 2801 ||| READING scroll labelled ZOONAO RITUS.
  2837 | D:4      | 2837 ||| STAIRDANCE
  3079 | D:4      | Found a sacrificial altar of Ru.
  3292 | D:4      | Found a broken altar of Ashenzari.
  3378 | D:4      | Found a hide-covered altar of Uskayaw.
  3400 | D:4      | 3400 ||| RETREEEEATING.
  3401 | D:4      | 3401 ||| ZAPPING wand of acid (9) at 0,-1 (black bear;
                  | floor).
  3402 | D:4      | 3402 ||| ZAPPING wand of acid (8) at 0,-1 (black bear;
                  | floor).
  3403 | D:4      | Reached skill level 10 in Ranged Weapons
  3557 | D:4      | 3557 ||| UPGRADING to amulet of reflection.
  3562 | D:4      | 3562 ||| UPGRADING to +5 ring of evasion.
  3563 | D:4      | 3563 ||| READING 2 scrolls labelled NUOMPO PUTU.
  3564 | D:4      | 3564 ||| READING scroll labelled IMEICOULYORPH.
  3564 | D:4      | Identified a scroll of acquirement
  3564 | D:4      | 3564 ||| ACQUIRING +6 arbalest of the Orcish Mines {freeze,
                  | rElec Str+5 Int-3 SInv}
  3564 | D:4      | Acquired the +6 arbalest of the Orcish Mines {freeze, rElec
                  | Str+5 Int-3 SInv}
  3566 | D:4      | 3566 ||| SWAPPING to +6 arbalest of the Orcish Mines
                  | {freeze, rElec Str+5 Int-3 SInv}.
  3567 | D:4      | 3567 ||| DROPPING +1 shortbow of flaming.
  3568 | D:4      | 3568 ||| READING scroll labelled PYPINW DIRUL.
  3568 | D:4      | 3568 ||| ENCHANTING +0 helmet.
  3569 | D:4      | 3569 ||| READING scroll labelled MEHAPS COSKOZ.
  3570 | D:4      | 3570 ||| DROPPING scroll of fear.
  3586 | D:5      | Entered Level 5 of the Dungeon
  3586 | D:5      | Found Inaleo's Antique Weapon Emporium.
  3643 | D:5      | Reached skill level 3 in Dodging
  3643 | D:5      | Reached XP level 7. HP: 40/40 MP: 9/9
  3781 | D:5      | Noticed a troll
  3784 | D:5      | Killed a troll
  3785 | D:5      | Reached skill level 11 in Ranged Weapons
  3914 | D:5      | Found a burning altar of Makhleb.
  3942 | D:5      | Found a shimmering altar of Xom.
  4067 | D:5      | Found a staircase to the Ecumenical Temple.
  4068 | D:5      | 4068 ||| PLANNING TEMPLE
  4068 | D:5      | 4068 ||| UPGRADING to +0 troll leather armour.
  4078 | D:5      | 4078 ||| DROPPING +0 ring mail.
  4079 | D:5      | 4079 ||| DRINKING 2 metallic red potions.
  4085 | Temple   | Found a transporter.
  4085 | Temple   | Found a transporter.
  4085 | Temple   | Found a transporter.
  4085 | Temple   | Found a transporter.
  4085 | Temple   | Entered the Ecumenical Temple
  4086 | Temple   | 4086 ||| PLANNING D:1-11
  4094 | Temple   | 4094 ||| PLANNING OKAWARU WORSHIP
  4099 | Temple   | Became a worshipper of Warmaster Okawaru
  4100 | Temple   | 4100 ||| PLANNING D:1-11
  4318 | D:6      | Reached skill level 12 in Ranged Weapons
  4318 | D:6      | Reached XP level 8. HP: 44/44 MP: 10/10
  4328 | D:6      | 4328 ||| RETREEEEATING.
  4329 | D:6      | 4329 ||| RETREEEEATING.
  4330 | D:6      | 4330 ||| RETREEEEATING.
  4333 | D:6      | 4333 ||| RETREEEEATING.
  4334 | D:6      | 4334 ||| RETREEEEATING.
  4335 | D:6      | 4335 ||| RETREEEEATING.
  4336 | D:6      | 4336 ||| RETREEEEATING.
  4339 | D:6      | 4339 ||| RETREEEEATING.
  4340 | D:6      | 4340 ||| RETREEEEATING.
  4341 | D:6      | 4341 ||| RETREEEEATING.
  4342 | D:6      | 4342 ||| RETREEEEATING.
  4343 | D:6      | 4343 ||| RETREEEEATING.
  4344 | D:6      | 4344 ||| RETREEEEATING.
  4345 | D:6      | 4345 ||| RETREEEEATING.
  4346 | D:6      | 4346 ||| RETREEEEATING.
  4350 | D:6      | Reached skill level 3 in Fighting
  4354 | D:6      | Reached * piety under Okawaru
  4397 | D:6      | Found Axziu's Assorted Antiques.
  4415 | D:6      | 4415 ||| BUYING dented ruby amulet (125 gold).
  4415 | D:6      | Bought a dented ruby amulet for 125 gold pieces
  4415 | D:6      | 4415 ||| BUYING forked wooden wand (100 gold).
  4415 | D:6      | Bought a forked wooden wand for 100 gold pieces
  4415 | D:6      | 4415 ||| BUYING scroll of teleportation (75 gold).
  4415 | D:6      | Bought a scroll of teleportation for 75 gold pieces
  4415 | D:6      | 4415 ||| SHOPLISTING steaming wooden ring (125 gold, have
                  | 7).
  4433 | D:6      | Reached skill level 1 in Invocations
  4483 | D:6      | Noticed Eustachio
  4489 | D:6      | Killed Eustachio
  4659 | D:6      | Noticed Maggie
  4660 | D:6      | 4660 ||| ZAPPING wand of acid (16) at 4,-1 (Maggie; floor).
  4661 | D:6      | 4661 ||| INVOKING Heroism.
  4665 | D:6      | Killed Maggie
  4665 | D:6      | Reached ** piety under Okawaru
  4666 | D:6      | Reached skill level 13 in Ranged Weapons
  4738 | D:6      | Noticed Sigmund
  4739 | D:6      | 4739 ||| INVOKING Heroism.
  4742 | D:6      | Killed Sigmund
  4743 | D:6      | Reached XP level 9. HP: 50/50 MP: 11/14
  4821 | D:6      | 4821 ||| UPGRADING to +0 acid dragon scales.
  4831 | D:6      | 4831 ||| DROPPING +0 troll leather armour.
  4832 | D:6      | 4832 ||| DROPPING amulet of regeneration.
  4833 | D:6      | 4833 ||| DRINKING 2 bubbling red potions.
  4834 | D:6      | 4834 ||| DROPPING potion of invisibility.
  4843 | D:7      | Found Geckism Velu's Assorted Antiques.
  4853 | D:7      | 4853 ||| BUYING blue potion (19 gold).
  4853 | D:7      | Bought a blue potion for 19 gold pieces
  4853 | D:7      | 4853 ||| SHOPLISTING golden potion (19 gold, have 15).
  4853 | D:7      | 4853 ||| SHOPLISTING inky potion (19 gold, have 15).
  4853 | D:7      | 4853 ||| SHOPLISTING pair of gloves (99 gold, have 15).
  4853 | D:7      | 4853 ||| SHOPLISTING potion of mutation (176 gold, have
                  | 15).
  4878 | D:7      | Reached skill level 14 in Ranged Weapons
  4972 | D:7      | Reached skill level 6 in Dodging
  5091 | D:7      | Found a white marble altar of Elyvilon.
  5091 | D:7      | Found an opulent altar of Gozag.
  5133 | D:7      | HP: 12/50 [burnt (5)]
  5135 | D:7      | HP: 4/50 [burnt (4)]
  5136 | D:7      | HP: 1/50 [burnt (4)]
  5137 | D:7      | Incinerated by a bombardier beetle

Levels and vault maps discovered:
D:1:      lightli_arrival_flooded_house, layout_basic, serial_glass,
          glass_columns_a, glass_columns_b, glass_columns_a, glass_columns_a,
          glass_columns_c, glass_columns_c, glass_columns_b, glass_columns_a
D:2:      layout_loops_corners, serial_glass, glass_columns_a, glass_columns_b,
          glass_columns_b, glass_columns_a
D:3:      layout_loops_corners, marbit_many_paths,
          shapermc_ecumenical_altar_petra, minmay_vboxes, uniq_jessica,
          uniq_terence
D:4:      layout_rooms, nicolae_ru_awakened_eye, lemuel_doored_altar,
          nicolae_ashenzari_skybound
D:5:      layout_rooms, mainiacjoe_overflow_brackets,
          mainiacjoe_overflow_tiny_flanked, minmay_temple_entry_enclosed_plants,
          serial_shops, shop, minmay_misc_feat_rows, minmay_misc_feat_doors,
          serial_park_tiny_2
D:6:      layout_basic, serial_shops, nicolae_shop_overgrown_old_shop,
          uniq_sigmund, uniq_maggie, uniq_eustachio
D:7:      layout_basic, gammafunk_temple_overflow_statue,
          nemelex_dance_club_becter, enter_bailey_1, serial_shops,
          nicolae_diamond_shop
Temple:   hellmonk_temple_divided_pantheon

Skill      XL: |  1  2  3  4  5  6  7  8  9 |
---------------+----------------------------+-----
Ranged Weapons | 6 7 8 9 10 12 13 14 | 14.3
Armour         | 1 |  1.1
Fighting       | 2 3 |  3.1
Dodging        | 3 4 5 6 |  6.0
Invocations    | 4 |  4.0
Stealth        | |  1.2

Action                     |  1- 3 |  4- 6 |  7- 9 || total
---------------------------+-------+-------+-------++-------
   Fire: Shortbow          |    88 |   118 |       ||   206
         Arbalest          |       |     4 |    94 ||    98
 Invoke: Heroism           |       |       |     2 ||     2
  Evoke: Wand              |       |     2 |     1 ||     3
    Use: Scroll            |     6 |     7 |       ||    13
         Potion            |     1 |     1 |     2 ||     4
 Armour: Leather armour    |     1 |       |       ||     1
         Scale mail        |    20 |    30 |       ||    50
         Ring mail         |       |    22 |     4 ||    26
         Troll leather arm |       |       |    16 ||    16
         Acid dragon scale |       |       |     5 ||     5
  Dodge: Dodged            |    19 |    45 |    41 ||   105
  Block: Other             |       |       |    16 ||    16

Table legend:
 A = Non-vault XP
 B = Vault XP
 C = Vault XP percentage of total XP
 D = Non-vault monster count
 E = Vault monster count
 F = Vault count percentage of total count
                 A         B        C        D         E       F
            +---------+---------+-------+---------+---------+-------
      Total |    2612 |    1000 |  27.7 |     110 |      12 |   9.8
            +---------+---------+-------+---------+---------+-------
        D:1 |      23 |       0 |   0.0 |      15 |       0 |   0.0
        D:2 |      48 |       0 |   0.0 |      14 |       0 |   0.0
        D:3 |     147 |     173 |  54.1 |      22 |       9 |  29.0
        D:4 |     274 |       0 |   0.0 |      18 |       0 |   0.0
        D:5 |     446 |       0 |   0.0 |       5 |       0 |   0.0
        D:6 |    1165 |     827 |  41.5 |      25 |       3 |  10.7
        D:7 |     509 |       0 |   0.0 |      11 |       0 |   0.0
            +---------+---------+-------+---------+---------+-------
